 Dungeon Crawl Stone Soup version 0.22-a0-417-g1387785 (webtiles) character file.

367 grindst0ne the Cleaver (level 7, -1/58 HPs)
             Began as a Human Artificer on May 14, 2018.
             Was a Believer of Ru.
             Blown up by an orc (21 damage)
             ... with a wand of disintegration (10)
             ... on level 6 of the Dungeon.
             The game lasted 00:10:07 (6174 turns).

grindst0ne the Cleaver (Human Artificer)            Turns: 6174, Time: 00:10:08

Health: -1/58      AC:  8    Str: 19    XL:     7   Next: 1%
Magic:  0/9        EV: 10    Int: 17    God:    Ru [**....]
Gold:   314        SH:  0    Dex: 17    Spells: 6/6 levels left

rFire    . . .     SeeInvis .   D - +0 battleaxe
rCold    . . .     Gourm    .   (shield currently unavailable)
rNeg     . . .     Faith    .   w - +4 robe of Augmentation {Str+4 Int+4 Dex+4}
rPois    .         Spirit   +   (no helmet)
rElec    .         Reflect  .   (no cloak)
rCorr    .         Harm     .   (no gloves)
MR       .....                  (no boots)
Stlth    ++........             h - amulet of guardian spirit
HPRegen  0.19/turn              k - +2 ring of protection
MPRegen  0.11/turn              (no ring)

@: constricted
A: inexperienced 1
a: Renounce Religion


You were on level 6 of the Dungeon.
You worshipped Ru.
Ru was pleased with you.
You were not hungry.

You visited 2 branches of the dungeon, and saw 7 of its levels.

You collected 314 gold pieces.

Inventory:

Hand Weapons
 a - a +0 short sword
 j - a +0 hand axe
 D - a +0 battleaxe (weapon)
Armour
 b - a +0 leather armour
 w - the +4 robe of Augmentation (worn) {Str+4 Int+4 Dex+4}
   (You found it on level 4 of the Dungeon)

   It affects your strength (+4).
   It affects your intelligence (+4).
   It affects your dexterity (+4).
Jewellery
 h - an amulet of guardian spirit (around neck)
 k - a +2 ring of protection (left hand)
Wands
 c - a wand of flame (4)
 d - a wand of enslavement (15)
 e - a wand of random effects (15)
 u - a wand of acid (7)
 B - a wand of paralysis (11)
Scrolls
 m - 3 scrolls of identify {unknown}
 o - 2 scrolls of enchant weapon {unknown}
 r - a scroll of teleportation {unknown}
 v - a scroll of immolation {unknown}
 y - 5 scrolls of remove curse {unknown}
Potions
 g - 2 potions of berserk rage {unknown}
 i - 2 potions of curing
 l - a potion of heal wounds {unknown}
 n - a potion of degeneration {unknown}
 p - a potion of resistance {unknown}
 q - a potion of ambrosia {unknown}
 s - 3 potions of brilliance {unknown}
 t - 2 potions of might {unknown}
 x - a potion of lignification {unknown}
 z - 2 potions of haste {unknown}
 A - a potion of magic {unknown}
Comestibles
 f - 11 rations
 C - 3 chunks of flesh


   Skills:
 + Level 6.2 Fighting
 - Level 1.0 Short Blades
 * Level 8.2 Axes
 - Level 2.0 Dodging
 - Level 1.0 Stealth
 - Level 3.0 Evocations


You had 6 spell levels left.
You didn't know any spells.
Your spell library was empty.

Dungeon Overview and Level Annotations

Branches:
Dungeon (6/15)             Temple (1/1) D:5

Altars:
Ashenzari
Cheibriados
Dithmenos
Elyvilon
Fedhas
Gozag
Hepliaklqana
Makhleb
Nemelex Xobeh
Okawaru
Qazlal
Ru
Sif Muna
Trog
Vehumet
Wu Jian
Xom
Yredelemnul
Zin
The Shining One


Innate Abilities, Weirdness & Mutations

You are somewhat inexperienced. (-2 XL)


Message History

The orc priest hits you from afar with a trident!
* * * LOW HITPOINT WARNING * * *
There is an open door here.
Evoke which item? (* to show all) (? for menu, Esc to quit)
Okay, then.
It was a potion of curing.
You feel better. The orc misses you. The orc priest completely misses you.
The orc hits you but does no damage. The ball python closely misses you.
The ball python grabs you. The ball python constricts you.
Evoke which item? (* to show all) (? for menu, Esc to quit)
Aiming: Paralyse
Press: ? - help, Shift-Dir - straight line, f - orc warrior
Aim: an orc warrior, wielding a morningstar and wearing a chain mail (chance to defeat MR: 54%)
The orc warrior resists with significant effort.
The orc hits you but does no damage. The orc priest barely misses you.
The ball python bites you.
* * * LOW HITPOINT WARNING * * *
The ball python constricts you. The orc closely misses you.
You feel better.
The orc zaps a wand.
You are blasted!
You die...

##(...#..# #.....
#.#.##..####.....
#...........#####
.....#.###..###.# #
########..##..# #.# #
#.....###.##..###.#####
#.....# #.##...........
...#....S###..#..###.#####
.......oo@................
...#...oo####....###.#####
#....o#####...###.)....
#......................
#......................
#.....######..#####.###
#.....# #..##<....#.
####### #..#####..#.
##########..#####..#.


You could see an orc warrior, an orc priest, 3 orcs and a ball python.

Vanquished Creatures
  The ghost of Amnesiac the Changer, an amateur SpTm of Sif Muna (D:4)
  An orc warrior (D:6)
  An ice beast (D:5)
  A phantom (D:6)
  2 ogres (D:5)
  Blork the orc (D:4)
  A scorpion (D:4)
  2 howler monkeys (D:5)
  3 crimson imps
  2 hounds (D:5)
  A centaur zombie (D:5)
  A worker ant (D:5)
  Natasha (twice) (D:2)
  5 orc wizards
  A worker ant zombie (D:4)
  A howler monkey skeleton (D:6)
  6 adders
  An adder skeleton (D:3)
  3 worms (D:2)
  3 dart slugs
  4 leopard geckos
  18 orcs
  6 bats
  2 giant cockroaches
  23 goblins
  12 hobgoblins
  6 kobolds
  6 frilled lizards
  7 rats
123 creatures vanquished.

Notes
Turn   | Place    | Note
-------+----------+-------------------------------------------
     0 | D:1      | grindst0ne the Human Artificer began the quest for the Orb.
     0 | D:1      | Reached XP level 1. HP: 15/15 MP: 3/3
   100 | D:1      | Reached XP level 2. HP: 19/22 MP: 2/4
  1074 | D:1      | Reached XP level 3. HP: 28/28 MP: 2/5
  1229 | D:2      | Reached skill level 1 in Axes
  1430 | D:2      | Reached XP level 4. HP: 30/34 MP: 6/6
  1529 | D:2      | Noticed Natasha
  1551 | D:2      | Killed Natasha
  1551 | D:2      | Reached skill level 2 in Axes
  2108 | D:2      | Noticed Natasha
  2120 | D:2      | Killed Natasha
  2120 | D:2      | Reached skill level 3 in Axes
  2120 | D:2      | Reached XP level 5. HP: 22/41 MP: 4/7
  2127 | D:2      | Found a basalt altar of Yredelemnul.
  2972 | D:3      | Found a deep blue altar of Sif Muna.
  2990 | D:3      | Reached XP level 6. HP: 35/48 MP: 6/8
  3430 | D:3      | Reached skill level 4 in Axes
  3657 | D:4      | Noticed Blork the orc
  3687 | D:4      | Killed Blork the orc
  3728 | D:4      | Found the +4 robe of Augmentation {Str+4 Int+4 Dex+4}
  3902 | D:4      | Found a shattered altar of Ashenzari.
  3937 | D:4      | Found an opulent altar of Gozag.
  4028 | D:4      | Noticed Amnesiac's ghost (amateur SpTm)
  4032 | D:4      | Killed Amnesiac's ghost
  4032 | D:4      | Reached skill level 5 in Axes
  4032 | D:4      | Reached XP level 7. HP: 54/55 MP: 9/9
  4445 | D:5      | Entered Level 5 of the Dungeon
  4476 | D:5      | Got an encrusted leather armour
  4487 | D:5      | Identified the +4 leather armour of Tusofueg {rF- Str+5 Dex+5} (You found it on level 5 of the Dungeon)
  4561 | D:5      | Reached skill level 6 in Axes
  4579 | D:5      | Reached skill level 5 in Fighting
  4579 | D:5      | Reached XP level 8. HP: 17/62 MP: 3/10
  4848 | D:5      | Found a staircase to the Ecumenical Temple.
  4881 | Temple   | Entered the Ecumenical Temple
  4979 | Temple   | Became a worshipper of Ru the Awakened
  5148 | D:5      | Found a snail-covered altar of Cheibriados.
  5185 | D:5      | Found a shimmering altar of Xom.
  5402 | D:5      | Reached skill level 7 in Axes
  5919 | D:6      | Reached skill level 8 in Axes
  5992 | D:6      | Reached XP level 9. HP: 38/69 MP: 5/11
  6097 | D:6      | Gained mutation: You are somewhat inexperienced. (-2 XL) [Ru sacrifice]
  6097 | D:6      | Reached XP level 8. HP: 61/64 MP: 10/10
  6097 | D:6      | Reached XP level 7. HP: 58/58 MP: 9/9
  6097 | D:6      | Reached * piety under Ru
  6097 | D:6      | Reached ** piety under Ru
  6171 | D:6      | HP: 2/58 [orc priest/trident (6)]
  6174 | D:6      | Blown up by an orc

Vault maps used:
D:1:      minmay_arrival_pointy, minmay_tetromino_s2
D:2:      lemuel_round_altar, roderic_st_hans_cross, hex_tiny, uniq_natasha
D:3:      cheibrodos_greedy_goblins, led_sif_book, first_ration
D:4:      kennysheep_little_box, cheibrodos_ashenzari_chains, uniq_blork_the_orc
D:5:      tgw_xom, kennysheep_slug_shrine, minmay_temple_entry_statues,
          minmay_ogre_servants
Temple:   eino_temple_water

Skill      XL: |  1  2  3  4  5  6  7  8 |
---------------+-------------------------+-----
Fighting       | 2 3 4 5 6 |  6.2
Axes           | 1 3 5 6 8 |  8.2
Short Blades   | |  1.0
Dodging        | |  2.0
Stealth        | |  1.0
Evocations     | |  3.0

Action                   |  1- 3 |  4- 6 |  7- 9 || total
-------------------------+-------+-------+-------++-------
Melee: Short sword       |    42 |       |       ||    42
       Hand axe          |    80 |   197 |   230 ||   507
       Battleaxe         |       |       |    10 ||    10
Invok: Sacrifice Experie |       |       |     1 ||     1
Evoke: Wand              |       |    14 |     4 ||    18
  Use: Potion            |       |       |     2 ||     2
 Stab: Distracted        |     1 |       |       ||     1
       Sleeping          |       |     1 |     2 ||     3
       Paralysed         |       |       |    10 ||    10
  Eat: Chunk             |     2 |     8 |     8 ||    18
Armor: Leather armour    |    36 |    49 |       ||    85
       Robe              |       |    10 |    70 ||    80
Dodge: Dodged            |   110 |   137 |   151 ||   398

Table legend:
 A = Spawn XP
 B = Non-spawn XP
 C = Spawn XP percentage of total XP
 D = Spawn monster count
 E = Non-spawn monster count
 F = Spawn count percentage of total count
 G = Total turns spent on level
                    A         B        C        D         E        F      G
               +---------+---------+-------+---------+---------+-------+---------
         Total |       0 |    2004 |   0.0 |       0 |     123 |   0.0 |  6174
               +---------+---------+-------+---------+---------+-------+---------
           D:1 |       0 |      31 |   0.0 |       0 |      15 |   0.0 |  1217
           D:2 |       0 |     142 |   0.0 |       0 |      26 |   0.0 |  1376
           D:3 |       0 |     143 |   0.0 |       0 |      25 |   0.0 |  1039
           D:4 |       0 |     431 |   0.0 |       0 |      13 |   0.0 |   813
           D:5 |       0 |     876 |   0.0 |       0 |      31 |   0.0 |  1167
           D:6 |       0 |     381 |   0.0 |       0 |      13 |   0.0 |   446
               +---------+---------+-------+---------+---------+-------+---------
